 Dungeon Crawl Stone Soup version 0.28.0-43-g3370ac3207 (webtiles) character file.

Game seed: 18223619518648766917

4662 fragbeetle the Frost Mage (level 10, -2/80 (85) HPs)
             Began as a Black Draconian Transmuter on Mar 9, 2022.
             Was an Initiate of Gozag.
             Slain by an orc knight
             ... wielding a +0 war axe
              (22 damage)
             ... in a bailey.
             The game lasted 00:23:13 (10362 turns).

fragbeetle the Frost Mage (DrTm)                   Turns: 10362, Time: 00:23:15

HP:   -2/80 (85)    AC: 11    Str: 14    XL:     10   Next: 20%
MP:   16/16         EV: 14    Int: 18    God:    Gozag
Gold: 348           SH:  0    Dex: 13    Spells: 2/17 levels left

rFire   x x .      SeeInvis .     - Unarmed
rCold   + + +      Faith    .   (shield currently unavailable)
rNeg    . . .      Spirit   .   (armour unavailable)
rPois   +          Reflect  .   (helmet currently unavailable)
rElec   .          Harm     .   (cloak currently unavailable)
rCorr   .          Rampage  .   (gloves currently unavailable)
Will    .....                   (boots currently unavailable)
Stlth   +.........              B - amulet of the acrobat
HPRegen 0.23/turn               t - +4 ring of evasion
MPRegen 0.15/turn               k - ring of Porhuwy {Ice Int+3}

@: brilliant, ice-form, gold aura, drained
A: freezing attack, amphibious, boosted hp, (breathe lightning), AC +7, large,
unfitting armour, (electricity resistance), (cold-blooded)
a: End Transformation, Renounce Religion, Potion Petition, Call Merchant, Bribe
Branch


You were in a bailey.
You worshipped Gozag.
Gozag was aware of your devotion.
You were a creature of crystalline ice.
You visited 1 branch of the dungeon, and saw 9 of its levels.
You also visited: Bailey.

You collected 1093 gold pieces.
You paid 745 gold pieces to Gozag.

Inventory:

Hand Weapons
 f - a +0 short sword of protection (melded)
 m - a +2 vorpal battleaxe
Missiles
 d - 269 stones
 l - 33 poisoned darts
 G - a throwing net
 J - 3 boomerangs
Armour
 o - a +0 pair of gloves (melded)
 D - a +0 cloak (melded)
Magical Staves
 j - a staff of conjuration
Jewellery
 k - the ring of Porhuwy (right front paw) {Ice Int+3}
   (You found it on level 5 of the Dungeon)

   [ring of ice]

   It enhances your ice magic.
   Int:       It affects your intelligence (+3).
   rF:        It makes you vulnerable to fire.
   rC:        It protects you from cold.
 t - a +4 ring of evasion (left front paw)
 B - an amulet of the acrobat (around neck)
 C - a ring of positive energy
 H - the ring of Hoaci {rF+ rC- rN+ rCorr Dex+6}
   (You found it on level 8 of the Dungeon)

   [ring of dexterity]

   Dex:       It affects your dexterity (+6).
   rF:        It protects you from fire.
   rC:        It makes you vulnerable to cold.
   rN:        It protects you from negative energy.
   rCorr:     It protects you from acid and corrosion.
Wands
 p - a wand of flame (19)
 s - a wand of digging (1)
 w - a wand of iceblast (12)
 A - a wand of mindburst (8)
 F - a wand of paralysis (2)
Scrolls
 a - a scroll of silence {unknown}
 e - 5 scrolls of identify
 g - 4 scrolls of teleportation
 h - a scroll of immolation {unknown}
 i - a scroll of magic mapping
 q - 2 scrolls of amnesia {unknown}
 v - a scroll of holy word {unknown}
 x - a scroll of blinking {unknown}
 y - a scroll of vulnerability {unknown}
 z - 2 scrolls of fog {unknown}
Potions
 b - a potion of mutation {unknown}
 c - a potion of brilliance
 n - a potion of berserk rage {unknown}
 r - a potion of heal wounds
 u - a potion of attraction {unknown}
 E - a potion of curing {unknown}
 I - a potion of magic {unknown}


   Skills:
 - Level 1.1 Fighting
 - Level 1.7 Dodging
 - Level 3.0 Unarmed Combat
 - Level 4.0 Spellcasting
 - Level 8.0 Transmutations
 + Level 12.2 Ice Magic


You had 2 spell levels left.
You knew the following spells:

 Your Spells              Type           Power      Damage    Failure   Level
a - Beastly Appendage     Tmut           96%        N/A       1%          1
b - Spider Form           Tmut/Pois      27%        N/A       9%          3
c - Ice Form              Ice/Tmut       74%        N/A       2%          4
d - Ozocubu's Refrigerat  Ice            41%        4d13      63%         7

Your spell library contained the following spells:

 Spells                   Type           Power      Damage    Failure   Level
 Wereblood                Tmut           48%        N/A       1%          2
 Ozocubu's Armour         Ice            82%        N/A       1%          3
 Dazzling Flash           Conj/Hex       10%        N/A       41%         3
 Olgreb's Toxic Radiance  Pois           5%         N/A       82%         4
 Agony                    Necr           5%         N/A       99%         5
 Fireball                 Conj/Fire      2%         3d4       99%         5
 Silence                  Hex/Air        2%         N/A       99%         5
 Starburst                Conj/Fire      2%         6d3       100%        6
 Ignition                 Fire           2%         3d3       100%        8


Dungeon Overview and Level Annotations

Branches:
Dungeon (9/15)             Temple (0/1) D:5          Bailey (1/1)
   Lair: D:8-11         Orc: D:9-12

Altars:
Gozag
Nemelex Xobeh
Wu Jian
Zin

Annotations:
D:2 1 runed translucent door, Crazy Yiuf, Robin
D:5 Sigmund
D:6 Maggie


Innate Abilities, Weirdness & Mutations

You are a creature of crystalline ice.
You have a powerful freezing melee attack.
You are amphibious.
Your maximum health is increased.
Your armour is entirely melded.
You are incapable of wielding weapons or throwing items.
((You can breathe wild blasts of lightning.))
((Your glossy black scales are hard. (AC +7)))
You cannot fit into any form of body armour.
((You are resistant to electric shocks. (rElec)))
((You are cold-blooded and may be slowed by cold attacks.))


Message History

The orc knight roars a battlecry!
The orc goes into a battle-frenzy!
Okay, then.
Unknown command.
You barely miss the orc. The orc hits you with a +0 hand axe.
* * * LOW HITPOINT WARNING * * *
Unknown command.
The orc completely misses you.
Okay, then.
The orc hits you but does no damage.
It was a potion of brilliance.
You feel clever all of a sudden. The orc knight completely misses you.
The orc misses you.
Casting: Ice Form (dangerous; 2% risk of failure)
Confirm with . or Enter, or press ? or * to list all spells.
Okay, then.
It was a potion of heal wounds.
You feel much better.
The orc knight hits you with a +0 war axe!
The orc hits you but does no damage.
Unknown command.
Unknown command.
Aiming: Iceblast
Press: ? - help, Shift-Dir - straight line, f/p - orc knight
Aim: an orc knight, wielding a +0 war axe and wearing a +0 plate armour (moderately wounded) That beam is likely to hit you.
Continue anyway?
The mass of ice explodes!
The iceblast engulfs the orc knight!
The orc knight is heavily wounded.
The iceblast engulfs the orc!
You kill the orc!
The iceblast engulfs you! You partially resist.
* * * LOW HITPOINT WARNING * * *
The orc knight misses you.
Unknown command.
Aiming: Paralyse
Press: ? - help, Shift-Dir - straight line, f/p - orc knight
Aim: an orc knight, wielding a +0 war axe and wearing a +0 plate armour (heavily wounded, chance to affect: 31%)
The orc knight easily resists.
The orc knight hits you with a +0 war axe!!
You die...
Your body crumbles into a pile of gold.

≈≈≈≈≈≈≈≈≈≈...≈≈≈≈≈≈≈≈≈≈≈≈≈≈
≈≈≈≈≈≈≈≈≈≈...≈≈≈≈≈≈≈≈≈≈≈≈≈≈
≈≈≈≈≈≈≈.........≈≈≈≈≈≈≈≈≈≈≈
########.......############
#.......# #.......#
#..)∩...# #..o$...#
###Y..### #.∩.# #####


You could see an orc knight.

Vanquished Creatures
  Pikel (D:5)
  A gargoyle (D:8)
  A hornet (D:8)
  Eustachio (D:6)
  3 water moccasins
  4 orc warriors
  An ice beast (D:7)
  5 black bears
  2 ogres
  A phantom (D:6)
  4 lemures (D:5)
  2 kobold brigands (D:6)
  Blork the orc (D:5)
  2 scorpions (D:6)
  A water moccasin zombie (D:6)
  3 water moccasin skeletons
  5 killer bees (D:9)
  An electric eel (Bailey)
  3 howler monkeys
  9 wights
  2 bullfrog zombies (D:5)
  A hound (D:7)
  2 centaur zombies
  A jelly (D:6)
  4 orc priests
  A bullfrog skeleton (D:6)
  2 centaur skeletons
  2 iguanas
  7 orc wizards
  A killer bee zombie (D:7)
  A howler monkey zombie (D:7)
  2 howler monkey skeletons
  4 gnolls
  6 adders
  2 ufetubi (D:6)
  An adder skeleton (D:4)
  A worm (D:2)
  2 dart slugs (D:4)
  17 orcs
  2 endoplasms
  4 giant cockroaches
  10 hobgoblins
  3 jackals (D:2)
  2 quokkas
  5 ball pythons
  4 bats
  3 frilled lizards
  13 goblins
  17 kobolds
  4 rats (D:2)
177 creatures vanquished.

Notes
Turn   | Place    | Note
-------+----------+-------------------------------------------
     0 | D:1      | fragbeetle the Draconian Transmuter began the quest for the
                  | Orb.
     0 | D:1      | Reached XP level 1. HP: 16/16 MP: 3/3
   970 | D:2      | Reached XP level 2. HP: 23/23 MP: 1/5
  1083 | D:2      | Noticed Robin
  1420 | D:2      | Reached XP level 3. HP: 27/28 MP: 4/6
  1694 | D:2      | Found a faded altar of an unknown god.
  1890 | D:2      | Learned a level 3 spell: Spider Form
  2064 | D:2      | Found a runed translucent door.
  2065 | D:2      | Noticed Crazy Yiuf
  2646 | D:3      | Reached XP level 4. HP: 35/35 MP: 5/7
  2700 | D:3      | Reached skill level 5 in Transmutations
  3299 | D:4      | Reached XP level 5. HP: 25/40 MP: 4/8
  3304 | D:4      | Learned a level 4 spell: Ice Form
  3449 | D:4      | Noticed a black bear
  3460 | D:4      | Killed a black bear
  3461 | D:4      | Reached skill level 1 in Ice Magic
  3570 | D:4      | Reached XP level 6. HP: 36/47 MP: 5/9
  3670 | D:4      | Reached skill level 2 in Ice Magic
  3920 | D:4      | You fall into a shaft and drop 3 floors!
  3950 | D:7      | Reached skill level 3 in Ice Magic
  4173 | D:6      | Noticed Maggie
  4174 | D:6      | Paralysed by Maggie for 5 turns
  4183 | D:6      | Noticed Eustachio
  4254 | D:5      | Entered Level 5 of the Dungeon
  4518 | D:5      | Found a glowing silver altar of Zin.
  4551 | D:5      | Noticed Sigmund
  4600 | D:5      | Noticed Blork the orc
  4612 | D:5      | Killed Blork the orc
  4613 | D:5      | Your scales start taking on a glossy black colour.
  4613 | D:5      | Reached XP level 7. HP: 31/52 MP: 6/10
  4613 | D:5      | Gained mutation: You are resistant to electric shocks.
                  | (rElec) [Black Draconian growth]
  4775 | D:5      | Identified the ring of Porhuwy {Ice Int+3}
  4932 | D:5      | Reached skill level 4 in Ice Magic
  5047 | D:4      | Found an ornate altar of the Wu Jian Council.
  5049 | D:4      | Found a sparkling altar of Nemelex Xobeh.
  5209 | D:5      | Found an opulent altar of Gozag.
  5216 | D:5      | Became a worshipper of Gozag Ym Sagoz the Greedy
  5251 | D:5      | Reached skill level 5 in Ice Magic
  5607 | D:5      | Found a staircase to the Ecumenical Temple.
  5832 | D:5      | Noticed Pikel
  6262 | D:5      | Killed Pikel
  6263 | D:5      | Reached skill level 6 in Ice Magic
  6263 | D:5      | Reached XP level 8. HP: 50/59 MP: 4/11
  6626 | D:6      | Reached skill level 7 in Ice Magic
  6704 | D:6      | Reached skill level 8 in Ice Magic
  6750 | D:6      | Reached XP level 9. HP: 46/64 MP: 9/12
  6957 | D:6      | Reached skill level 9 in Ice Magic
  7205 | D:6      | Killed Eustachio
  7209 | D:6      | Reached skill level 10 in Ice Magic
  8612 | D:8      | Noticed a gargoyle
  8629 | D:8      | Killed a gargoyle
  8630 | D:8      | Reached skill level 11 in Ice Magic
  9082 | D:8      | Identified the ring of Hoaci {rF+ rC- rN+ rCorr Dex+6}
  9304 | D:8      | Reached XP level 10. HP: 71/71 MP: 16/16
  9966 | D:9      | Found a flagged portal.
  9997 | Bailey   | Entered a bailey
 10171 | Bailey   | Reached skill level 12 in Ice Magic
 10190 | Bailey   | Learned a level 7 spell: Ozocubu's Refrigeration
 10238 | Bailey   | Noticed an orc knight
 10287 | Bailey   | HP: 3/79 [electric eel/bolt of electricity (10)]
 10362 | Bailey   | Slain by an orc knight

Illustrated notes

Levels and vault maps discovered:
D:1:      roderic_dead_forest, layout_basic, hex_medium,
          hangedman_abyss_or_decor_stabs, minmay_domino_4
D:2:      layout_loops_ring, ebering_ecumenical_altar_webs,
          hangedman_decor_slide_cut, uniq_robin, uniq_crazy_yiuf_cottage
D:3:      layout_loops_ring
D:4:      layout_rooms, mainiacjoe_overflow_big_doors, kennysheep_nondescript,
          due_unseen_surprise
D:5:      layout_loops_ring, pdpol_temple_overflow_zin_treasury_gozag_greed,
          temple_green, uniq_pikel, uniq_blork_the_orc, uniq_sigmund
D:6:      layout_gridville, kennysheep_decorative_pillar, minmay_joined_circles,
          uniq_maggie, uniq_eustachio
D:7:      layout_loops_cross
D:8:      layout_loops_cross
D:9:      layout_roguey, enter_bailey_4, minmay_misc_feat_x
Bailey:   bailey_axe_of_yendor_kennysheep, bailey

Skill      XL: |  1  2  3  4  5  6  7  8  9 10 |
---------------+-------------------------------+-----
Transmutations | 3 4 5 6 8 |  8.0
Ice Magic      | 1 3 6 8 11 12 | 12.2
Spellcasting   | 4 |  4.0
Fighting       | |  1.1
Dodging        | |  1.7
Unarmed Combat | |  3.0

Action                   |  1- 3 |  4- 6 |  7- 9 | 10-12 || total
-------------------------+-------+-------+-------+-------++-------
Melee: Unarmed           |    21 |    39 |   325 |   117 ||   502
       Headbutt          |    12 |     6 |    11 |       ||    29
       Tailslap          |    14 |     9 |     8 |       ||    31
       Punch             |     2 |     1 |     2 |       ||     5
       Short sword       |    92 |    55 |    55 |       ||   202
       Kick              |    15 |     8 |    19 |       ||    42
 Cast: Beastly Appendage |    25 |    11 |    12 |       ||    48
       Spider Form       |       |     6 |     8 |       ||    14
       Ice Form          |       |       |    19 |    10 ||    29
Invok: Potion Petition   |       |       |     1 |     1 ||     2
 Abil: End Transformatio |       |       |     1 |       ||     1
Evoke: Wand              |       |       |       |     7 ||     7
  Use: Scroll            |       |     3 |       |     2 ||     5
       Potion            |       |     2 |       |     2 ||     4
 Stab: Distracted        |       |       |     1 |       ||     1
       Paralysed         |       |       |       |     6 ||     6
Armor: Skin              |    44 |    36 |   112 |    41 ||   233
Dodge: Dodged            |    83 |   105 |   282 |    98 ||   568
